 Dungeon Crawl Stone Soup version 0.23.1 (webtiles) character file.

Game seed: 3756682142943699764

375 wolfsongas the Fighter (level 6, -2/44 HPs)
             Began as a Gargoyle Fighter on Mar 2, 2019.
             Slain by a hippogriff (3 damage)
             ... in the Ecumenical Temple.
             The game lasted 00:04:13 (2488 turns).

wolfsongas the Fighter (Gargoyle Fighter)           Turns: 2488, Time: 00:04:14

Health: -2/44      AC: 11    Str: 20 (21) XL:     6   Next: 72%
Magic:  6/6        EV:  7    Int:  8 (9)  God:
Gold:   123        SH:  8    Dex:  6 (9)  Spells: 5/5 levels left

rFire    . . .     SeeInvis .   a - +0 war axe
rCold    . . .     Gourm    .   c - +0 shield
rNeg     + . .     Faith    .   b - +0 scale mail
rPois    ∞         Spirit   .   (no helmet)
rElec    +         Reflect  .   (no cloak)
rCorr    .         Harm     .   (no gloves)
MR       .....                  (no boots)
Stlth    +.........             (no amulet)
HPRegen  0.14/turn              e - ring of stealth
MPRegen  0.10/turn              (no ring)

@: no status effects
A: negative energy resistance 1, electricity resistance, unbreathing,
petrification resistance, rot immunity, AC +4
a: no special abilities


You were in the Ecumenical Temple.
You were not hungry.

You visited 2 branches of the dungeon, and saw 5 of its levels.

You collected 123 gold pieces.

Inventory:

Hand Weapons
 a - a +0 war axe (weapon)
Armour
 b - a +0 scale mail (worn)
 c - a +0 shield (worn)
Jewellery
 e - a ring of stealth (left hand)
 j - an uncursed amulet of faith
Wands
 l - a wand of acid (12)
Scrolls
 d - 3 scrolls of identify
 h - 5 scrolls of teleportation
 i - a scroll of magic mapping
 k - 2 scrolls of remove curse
Comestibles
 f - 2 rations


   Skills:
 * Level 8.1 Fighting
 - Level 1.7 Axes
 - Level 3.2 Armour
 - Level 3.2 Shields


You had 5 spell levels left.
You didn't know any spells.
Your spell library was empty.

Dungeon Overview and Level Annotations

Branches:
Dungeon (4/15)             Temple (1/1) D:4

Altars:
Cheibriados
Elyvilon
Fedhas
Kikubaaqudgha
Makhleb
Okawaru
Qazlal
Trog
Uskayaw
Vehumet
Wu Jian
Xom
Yredelemnul
Zin
The Shining One

Annotations:
D:4 Pikel


Innate Abilities, Weirdness & Mutations

You are resistant to torment.
Your stone body is resilient. (AC +4)
You are immune to poison.
You resist negative energy. (rN+)
You are resistant to electric shocks. (rElec)
You can survive without breathing.
You are immune to petrification.
You are immune to rotting.


Message History

There is a stormy altar of Qazlal here.
Found a burning altar of Makhleb.
You barely miss the hippogriff.
The hippogriff bites you but does no damage.
You block the hippogriff's attack. x2
You slash the hippogriff!
The hippogriff is moderately wounded.
The hippogriff bites you but does no damage.
You block the hippogriff's attack. The hippogriff claws you.
The hippogriff bites you!
* * * LOW HITPOINT WARNING * * *
The hippogriff pecks you but does no damage.
The hippogriff claws you.
* * * LOW HITPOINT WARNING * * *
You slash the hippogriff!
The hippogriff is heavily wounded.
The hippogriff bites you.
* * * LOW HITPOINT WARNING * * *
The hippogriff pecks you.
You die...

##### #...# #####._.# #
#...#..@#...#
#._.....H._.#
#...#####...# #
#._....##...##...._ #
..#...#####._.#####...#.
_....##...........# ....
#...#._H#####._.#...#
#._.....#...#....._.#
#...##.##._.##.##...#


You could see a hippogriff.

Vanquished Creatures
  Sigmund (D:2)
  An orc wizard (D:3)
  A worker ant (D:4)
  Robin (D:3)
  A gnoll (D:4)
  7 adders
  An adder skeleton (D:4)
  2 worms (D:2)
  A dart slug (D:2)
  2 leopard geckos
  5 orcs (D:3)
  A giant cockroach (D:1)
  14 goblins
  7 hobgoblins
  3 jackals (D:2)
  10 kobolds
  2 quokkas (D:4)
  3 bats
  3 frilled lizards
  2 rats (D:1)
68 creatures vanquished.

Notes
Turn   | Place    | Note
-------+----------+-------------------------------------------
     0 | D:1      | wolfsongas the Gargoyle Fighter began the quest for the
                  | Orb.
     0 | D:1      | Reached XP level 1. HP: 14/14 MP: 1/1
    81 | D:1      | Reached XP level 2. HP: 20/20 MP: 2/2
   110 | D:1      | Reached skill level 4 in Fighting
   776 | D:2      | Reached XP level 3. HP: 24/24 MP: 3/3
   839 | D:2      | Reached skill level 5 in Fighting
   916 | D:2      | Reached XP level 4. HP: 23/31 MP: 4/4
  1262 | D:2      | Noticed Sigmund
  1275 | D:2      | Killed Sigmund
  1275 | D:2      | Reached skill level 7 in Fighting
  1275 | D:2      | Reached XP level 5. HP: 37/38 MP: 5/5
  1275 | D:2      | Reached XP level 6. HP: 43/44 MP: 6/6
  1535 | D:3      | Noticed Robin
  1549 | D:3      | Killed Robin
  1745 | D:3      | Found a glowing golden altar of the Shining One.
  2036 | D:3      | Found a bloodstained altar of Trog.
  2271 | D:4      | Noticed Pikel
  2272 | D:4      | Noticed a slave
  2273 | D:4      | Noticed a slave
  2275 | D:4      | Noticed a slave
  2276 | D:4      | Noticed a slave
  2304 | D:4      | Reached skill level 8 in Fighting
  2328 | D:4      | Noticed a hippogriff
  2337 | D:4      | Found a staircase to the Ecumenical Temple.
  2347 | Temple   | Entered the Ecumenical Temple
  2488 | Temple   | HP: 1/44 [hippogriff (3)]
  2488 | Temple   | Slain by a hippogriff

Skill      XL: |  1  2  3  4  5  6 |
---------------+-------------------+-----
Fighting       | 4 5 7 8 |  8.1
Axes           | |  1.7
Armour         | |  3.2
Shields        | |  3.2

Action                   |  1- 3 |  4- 6 || total
-------------------------+-------+-------++-------
Melee: War axe           |   102 |   181 ||   283
  Use: Scroll            |     4 |     4 ||     8
       Potion            |       |     6 ||     6
  Eat: Ration            |       |     2 ||     2
       Chunk             |       |     1 ||     1
Armor: Scale mail        |    64 |   155 ||   219
Dodge: Dodged            |    38 |    83 ||   121
Block: Shield            |    54 |   116 ||   170
